 Dungeon Crawl Stone Soup version 0.16.2-12-gd0ad4c3 (webtiles) character file.

319 gorblad the Skirmisher (level 6, -1/48 HPs)
             Began as a Demonspawn Wanderer on Oct 3, 2015.
             Slain by an ogre
             ... wielding a cursed -1 giant spiked club
              (16 damage)
             ... on level 4 of the Dungeon.
             The game lasted 00:10:41 (3290 turns).

gorblad the Skirmisher (Demonspawn Wanderer)        Turns: 3290, Time: 00:10:41

Health: -1/48      AC: 16    Str: 11    XL:     6   Next: 21%
Magic:  8/8        EV:  9    Int: 14    God:
Gold:   188        SH:  0    Dex: 15    Spells: 0 memorised, 5 levels left

rFire  . . .     SeeInvis .     b - +0 falchion
rCold  . . .     Clarity  .     a - +2 scale mail
rNeg   . . .     SustAb   .     (no shield)
rPois  +         Gourm    .     r - +0 helmet
rElec  .         Spirit   .     (no cloak)
rCorr  .         Warding  .     t - +0 pair of gloves
rMut   .         Stasis   .     s - +1 pair of boots
MR     .....                    (no amulet)
Stlth  ..........               (no ring)
                                i - ring of poison resistance

@: not resistant to hostile enchantments, extremely unstealthy
A: molten scales 2, rot immunity
a: no special abilities


You were on level 4 of the Dungeon.
You were not hungry.

You visited 1 branch of the dungeon, and saw 4 of its levels.

You collected 188 gold pieces.

Inventory:

Hand weapons
 b - a +0 falchion (weapon)
 k - a +0 spear
Missiles
 u - a throwing net (quivered)
Armour
 a - a +2 scale mail (worn)
 j - a +0 pair of boots
 m - a +0 ring mail
 n - a +0 scale mail
 r - a +0 helmet (worn)
 s - a +1 pair of boots (worn)
 t - a +0 pair of gloves (worn)
Jewellery
 i - a ring of poison resistance (left hand)
Scrolls
 c - 3 scrolls of teleportation
 g - 2 scrolls of identify {unknown}
 l - a scroll of amnesia {unknown}
 o - a scroll of immolation {unknown}
 p - a scroll of remove curse {unknown}
Potions
 e - a potion of agility
 f - 2 potions of curing
 h - a potion of flight
 v - a potion of restore abilities {unknown}
Comestibles
 d - a bread ration
 q - a meat ration


   Skills:
 + Level 4.2 Fighting
 + Level 3.2 Long Blades
 + Level 0.3 Throwing
 + Level 3.1 Armour
 + Level 3.0 Dodging
 + Level 0.6 Stealth
   Level 2.0 Evocations


You had 5 spell levels left.
You didn't know any spells.

Dungeon Overview and Level Annotations

Branches:
Dungeon (4/15)
 Temple: D:4-7

Altars:

Annotations:
D:4 Menkaure


Innate Abilities, Weirdness & Mutations

You are mostly covered in molten scales (AC +3, EV -1).
You are immune to rotting.


Message History

HP restored.
You climb downwards.
There is a stone staircase leading up, spattered with blood here.
Found 13 gold pieces.
Menkaure, Prince of Dust comes into view.
Menkaure shouts!
An ogre comes into view. It is wielding a giant spiked club.
You see here a scroll labeled UWUNAU LARAI.
The ogre shouts!
Menkaure calls on the powers of darkness!
The ogre convulses!
Your body is wracked with pain!
Found 9 gold pieces.
You see here a scroll labeled UWUNAU LARAI.
Menkaure calls on the powers of darkness!
The ogre convulses!
Your body is wracked with pain!
* * * LOW HITPOINT WARNING * * *
There is a stone staircase leading up, spattered with blood here.
You can't go down here!
The ogre hits you with a giant spiked club!
You die...

### . #.#
#.####.#
#..#..## .#
......####..#
#..^........
#..@........
##..O.##.(...
#....## . .#
##....#
....#...M##
.........##
...##...?.## #
#......#
#..##.........


You could see an ogre and Menkaure.

Vanquished Creatures
  The ghost of Typee the Conjurer, an average DECj (D:3)
  A giant frog (D:4)
  2 hounds (D:4)
  Terence (D:2)
  Robin (D:2)
  3 gnolls (D:3)
  3 worms (D:3)
  3 orcs (D:3)
  9 bats
  4 giant cockroaches
  6 hobgoblins
  5 jackals
  4 kobolds
  2 quokkas
  A giant gecko (D:2)
  3 giant newts
  12 goblins
  6 rats
67 creatures vanquished.

Notes
Turn   | Place    | Note
--------------------------------------------------------------
     0 | D:1      | gorblad, the Demonspawn Wanderer, began the quest for the Orb.
     0 | D:1      | gorblad set off with: a +2 scale mail, a +0 falchion, a scroll of teleportation, a bread ration
     0 | D:1      | Reached XP level 1. HP: 18/18 MP: 1/1
   431 | D:1      | Gained mutation: You are partially covered in molten scales (AC +1). [demonic ancestry]
   431 | D:1      | Reached XP level 2. HP: 24/24 MP: 2/2
   983 | D:2      | Noticed Terence
  1001 | D:2      | Killed Terence
  1001 | D:2      | Gained mutation: You are mostly covered in molten scales (AC +3, EV -1). [demonic ancestry]
  1001 | D:2      | Reached XP level 3. HP: 15/30 MP: 4/4
  1445 | D:2      | Noticed Robin
  1485 | D:2      | Killed Robin
  1737 | D:3      | Reached skill level 4 in Fighting
  1737 | D:3      | Gained mutation: You are immune to rotting. [demonic ancestry]
  1737 | D:3      | Reached XP level 4. HP: 19/37 MP: 5/5
  1852 | D:3      | Noticed Typee's ghost (average DECj)
  1879 | D:3      | HP: 1/37 [Typee's ghost/magic dart (2)]
  1884 | D:3      | Killed Typee's ghost
  1884 | D:3      | Reached XP level 5. HP: 1/42 MP: 6/6
  3086 | D:4      | Reached XP level 6. HP: 20/48 MP: 8/8
  3278 | D:4      | Noticed Menkaure
  3279 | D:4      | Noticed an ogre
  3290 | D:4      | Slain by an ogre

Action                   |  1- 3 |  4- 6 || total
-------------------------+-------+-------++-------
Melee: Falchion          |   170 |   163 ||   333
Throw: Throwing net      |       |     2 ||     2
  Use: Potion            |       |     5 ||     5
 Stab: Held in net/web   |       |     2 ||     2
  Eat: Chunk             |     3 |     2 ||     5
       Bread ration      |       |     1 ||     1
